 Dungeon Crawl Stone Soup version 0.25.1-2-g60ff931df9 (webtiles) character file.

Game seed: 1490686351230911457

275 lepoulpe303 the Sneak (level 6, -8/28 HPs)
             Began as a Spriggan Enchanter on Oct 28, 2020.
             Blown up by Pikel (31 damage)
             ... with a disintegration bolt
             ... on level 4 of the Dungeon.
             The game lasted 00:25:20 (6702 turns).

lepoulpe303 the Sneak (Spriggan Enchanter)          Turns: 6702, Time: 00:25:21

Health: -8/28      AC:  3    Str:  4    XL:     6   Next: 3%
Magic:  11/14      EV: 20    Int: 18    God:
Gold:   172        SH:  0    Dex: 17    Spells: 2/14 levels left

rFire    . . .     SeeInvis +   a - +1 dagger (venom)
rCold    . . .     Gourm    .   (shield restricted)
rNeg     . . .     Faith    .   b - +1 robe
rPois    +         Spirit   .   (helmet restricted)
rElec    .         Reflect  .   (no cloak)
rCorr    .         Harm     .   (gloves unavailable)
MR       +....                  (boots unavailable)
Stlth    ++........             (no amulet)
HPRegen  0.09/turn              P - ring of poison resistance
MPRegen  0.14/turn              m - ring of attention (curse)

@: confusing touch, very quick
A: very small, unfitting armour, see invisible, herbivore, speed 3, slow
metabolism 2
a: no special abilities


You were on level 4 of the Dungeon.
You were not hungry.

You visited 1 branch of the dungeon, and saw 4 of its levels.
You also visited: Sewer.

You collected 172 gold pieces.

Inventory:

Hand Weapons
 a - a +1 dagger of venom (weapon)
Armour
 b - a +1 robe (worn)
Jewellery
 m - a cursed ring of attention (right hand)
 P - a ring of poison resistance (left hand)
Scrolls
 d - a scroll of fear {unknown}
 g - a scroll of magic mapping {!r}
 h - a scroll of remove curse {unknown}
 i - 2 scrolls of identify
 t - 2 scrolls of teleportation
Potions
 c - a potion of brilliance {unknown}
 e - a potion of degeneration {unknown}
 f - a potion of mutation {unknown}
 j - a potion of stabbing {unknown}
 k - 5 potions of haste {unknown}
 l - a potion of heal wounds {unknown}
 n - a potion of invisibility {unknown}
 q - a potion of curing


   Skills:
 + Level 2.4 Short Blades
 + Level 4.4 Dodging
 + Level 5.6 Stealth
 * Level 4.7 Spellcasting
 * Level 5.3 Hexes


You had 2 spell levels left.
You knew the following spells:

 Your Spells              Type           Power        Failure   Level  Hunger
a - Ensorcelled Hibernat  Hex/Ice        ##....       7%          2    #......
b - Tukima's Dance        Hex            ###.....     4%          3    ###....
c - Confusing Touch       Hex            ###.....     4%          3    ###....
d - Dazzling Flash        Conj/Hex       ##....       14%         3    ###....
v - Corona                Hex            ###....      1%          1    None

Your spell library contained the following spells:

 Spells                   Type           Power        Failure   Level  Hunger


Dungeon Overview and Level Annotations

Branches:
Dungeon (4/15)              Sewer (visited)
 Temple: D:4-7

Altars:
Cheibriados
Makhleb
Sif Muna
Vehumet

Annotations:
D:4 Pikel


Innate Abilities, Weirdness & Mutations

You are very small and have problems with some larger weapons.
You are too small for most types of armour.
You have supernaturally acute eyesight. (SInv)
You are a herbivore.
You cover ground extremely quickly.
You need to consume almost no food.


Message History

The slave looks as sick as possible!
You hit the slave. The slave misses you.
You hit the slave.
The slave looks as sick as possible!
The slave hits you.
You take 3 damage, and have 22/28 hp.
You hit the slave but do no damage. The slave barely misses you.
Unknown command.
You kill the slave!
That felt strangely unrewarding.
Pikel zaps a wand.
You resist with significant effort.
The spell is quite dangerous to cast (4% risk of failure)!
Continue anyway?
Your hands begin to glow red.
You now have 11/14 mp.
You completely miss Pikel.
Pikel zaps a wand.
You are blasted!
Ouch! That really hurt!
You die...

########### ###
#.........#
#....#######.#######.#
+......pK.K....># #.#
#....#######p##+####.#
..# #...K@....#
#.........#
#.........#
#.##+####.# ...# #.#
##### #.#
.#.####.#####
............#
.######.#####


You could see Pikel and a slave.

Levels and vault maps discovered:
D:1:      minmay_arrival_semitransparent, layout_basic, hangedman_decor_growths
D:2:      layout_basic, grunt_temple_overflow_open,
          gammafunk_temple_overflow_statue, serial_undead, serial_undead_c,
          serial_undead_c, serial_undead_e, serial_undead_f, serial_undead_c,
          serial_undead_e, roderic_lattice_a
D:3:      layout_basic, first_ration, gup_sewer_entry_glass,
          wad_floor_pattern_1, kennysheep_generic_room_5, uniq_robin
D:4:      layout_basic, lemuel_crystal_altar, lemuel_coloured_pillars_altar,
          minmay_temple_entry_stoned_glass, serial_shops, shop,
          grunt_ministairs_15, uniq_pikel

Notes
Turn   | Place    | Note
-------+----------+-------------------------------------------
     0 | D:1      | lepoulpe303 the Spriggan Enchanter began the quest for the
                  | Orb.
     0 | D:1      | Reached XP level 1. HP: 9/9 MP: 5/5
    41 | D:1      | Identified a +0 dagger
   260 | D:1      | Reached skill level 3 in Spellcasting
   291 | D:1      | Reached XP level 2. HP: 13/13 MP: 7/7
   352 | D:1      | HP: 3/13 [dart slug/slug dart (5)]
   602 | D:1      | Identified a +0 whip
   667 | D:1      | Identified a +0 dagger
   981 | D:1      | Reached skill level 4 in Hexes
  1395 | D:2      | Reached XP level 3. HP: 8/16 MP: 8/8
  1399 | D:2      | Identified a +0 spear
  1399 | D:2      | Identified a +0 flail
  1610 | D:1      | Learned a level 3 spell: Confusing Touch
  1696 | D:2      | Found a burning altar of Makhleb.
  1696 | D:2      | Found a radiant altar of Vehumet.
  1698 | D:2      | Identified a +0 club
  2125 | D:2      | lepoulpe303: !whichgod spen
  2125 | D:2      | meem: 73 recent wins for spen: 32x Dithmenos, 20x Gozag, 3x
                  | Wu Jian, 3x Nemelex Xobeh, 2x, 2x Sif Muna, 2x Uskayaw, 2x
                  | Vehumet, Okawaru, Ashenzari, Zin, Ru, Jiyva, Kikubaaqudgha,
                  | Makhleb
  2197 | D:2      | Identified a +0 club
  2228 | D:2      | Reached XP level 4. HP: 20/21 MP: 2/10
  2302 | D:2      | Identified a +0 club
  2303 | D:2      | Reached skill level 5 in Stealth
  2387 | D:2      | Learned a level 2 spell: Ensorcelled Hibernation
  2391 | D:2      | Learned a level 3 spell: Tukima's Dance
  2412 | D:2      | Reached skill level 2 in Short Blades
  2516 | D:2      | Identified a +0 dagger
  2520 | D:2      | Reached skill level 4 in Spellcasting
  2576 | D:2      | Found a snail-covered altar of Cheibriados.
  2577 | D:2      | Found a shimmering blue altar of Sif Muna.
  2628 | D:3      | Identified a +0 club
  2628 | D:3      | Identified a +0 flail
  2645 | D:3      | Identified a +0 club
  2751 | D:3      | Identified a +0 dagger
  2755 | D:3      | Identified a +0 club
  2757 | D:3      | Identified a +1 dagger of speed
  2759 | D:3      | Identified a +1 dagger of venom
  2759 | D:3      | Identified a +0 animal skin
  2759 | D:3      | Identified a +0 helmet
  2759 | D:3      | Noticed Robin
  2773 | D:3      | Identified a +0 dagger of protection
  2778 | D:3      | Found a glowing drain.
  2812 | Sewer    | Entered a sewer
  2927 | Sewer    | Identified a +0 dagger
  3046 | Sewer    | Reached XP level 5. HP: 9/24 MP: 9/12
  3051 | Sewer    | Learned a level 3 spell: Dazzling Flash
  3234 | Sewer    | Identified 3 scrolls of identify
  3234 | Sewer    | Identified a ring of poison resistance (You found it on
                  | level 1 of the Dungeon)
  3236 | Sewer    | Identified a ring of attention (You found it on level 2 of
                  | the Dungeon)
  3237 | Sewer    | Identified a scroll of amnesia
  3238 | Sewer    | Identified a scroll of enchant weapon
  3239 | Sewer    | Identified a scroll of enchant armour
  3240 | Sewer    | Identified a scroll of teleportation
  3241 | Sewer    | Identified a scroll of magic mapping
  3259 | Sewer    | Identified a +0 whip
  3326 | Sewer    | Reached skill level 4 in Dodging
  3928 | Sewer    | Identified a +0 dagger
  4661 | D:3      | Identified a +0 short sword
  4668 | D:3      | Identified a +0 club
  4674 | D:3      | Identified a +0 dagger
  4674 | D:3      | Identified a +0 club
  4675 | D:3      | Identified a +0 dagger
  4675 | D:3      | Identified a +0 dagger
  4704 | D:3      | Identified a +0 club
  4709 | D:3      | Killed Robin
  4709 | D:3      | Reached skill level 5 in Hexes
  4715 | D:3      | HP: 6/24 [goblin/+0 dagger[Robin] (4)]
  5012 | D:3      | HP: 2/24 [goblin/+0 club[Robin] (5)]
  5499 | D:3      | Identified a +0 club
  5499 | D:3      | Identified a +0 hunting sling
  6100 | D:3      | Identified a +0 club
  6426 | D:4      | Identified a +0 flail
  6428 | D:4      | Identified a cursed -2 spear
  6461 | D:4      | Identified a +0 club
  6461 | D:4      | Identified a +0 leather armour
  6466 | D:4      | Reached XP level 6. HP: 17/28 MP: 12/14
  6663 | D:4      | Noticed a slave
  6664 | D:4      | Noticed a slave
  6665 | D:4      | Noticed a slave
  6665 | D:4      | Identified a +2 whip of flaming
  6665 | D:4      | Identified a +1 robe of cold resistance
  6665 | D:4      | Noticed Pikel
  6667 | D:4      | Noticed a slave
  6685 | D:4      | Killed a slave
  6699 | D:4      | Killed a slave
  6702 | D:4      | Blown up by Pikel

Table legend:
 A = Turns spent in this place as a percentage of turns spent in the entire game.
 B = Non-inter-level travel turns spent in this place as a percentage of non-inter-level travel turns spent in the entire game.
 C = Inter-level travel turns spent in this place as a percentage of turns spent in this place.
 D = Turns resting spent in this place as a percentage of non-inter-level travel turns spent in this place.
 E = Turns spent auto-exploring this place as a percentage of non-inter-level travel turns spent in this place.
 F = Non-inter-level travel turns spent in this place divided by the number of levels of this place that you've seen.
                   A       B       C       D       E      F
               +-------+-------+-------+-------+-------+----------------------
         Total | 100.0 | 100.0 |   1.5 |  36.1 |  32.5 | 1319.8
       Dungeon |  73.4 |  73.0 |   2.1 |  42.5 |  35.4 | 1204.8
         Sewer |  26.6 |  27.0 |   0.0 |  18.9 |  24.7 | 1780.0
               +-------+-------+-------+-------+-------+----------------------

Table legend:
 A = Kills in this place as a percentage of kills in entire the game.
 B = Kills by you in this place as a percentage of kills by you in the entire game.
 C = Kills by friends in this place as a percentage of kills by friends in the entire game.
 D = Other kills in this place as a percentage of other kills in the entire game.
 E = Experience gained in this place as a percentage of experience gained in the entire game.
 F = Experience gained in this place divided by the number of levels of this place that you have seen.
                   A       B       C       D       E      F
               +-------+-------+-------+-------+-------+----------------------
         Total | 100.0 | 100.0 |   N/A | 100.0 | 100.0 |  78.8
       Dungeon |  82.8 |  82.7 |   N/A | 100.0 |  87.3 |  86.0
         Sewer |  17.2 |  17.3 |   N/A |   0.0 |  12.7 |  50.0
               +-------+-------+-------+-------+-------+----------------------

Skill      XL: |  1  2  3  4  5 |
---------------+----------------+-----
Spellcasting   | 3 4 |  4.7
Hexes          | 4 5 |  5.3
Stealth        | 5 |  5.6
Short Blades   | 2 |  2.4
Dodging        | 4 |  4.4

Action                   |  1- 3 |  4- 6 || total
-------------------------+-------+-------++-------
Melee: Dagger            |   168 |   956 ||  1124
 Cast: Corona            |     2 |       ||     2
       Confusing Touch   |     5 |    12 ||    17
       Ensorcelled Hiber |       |     7 ||     7
       Dazzling Flash    |       |     1 ||     1
  Use: Scroll            |       |     6 ||     6
 Stab: Sleeping          |     8 |    10 ||    18
       Distracted        |     1 |       ||     1
       Confused          |     4 |     8 ||    12
       Invisible         |       |     3 ||     3
  Eat: Ration            |       |     4 ||     4
Armor: Robe              |    13 |    29 ||    42
Dodge: Dodged            |   154 |   286 ||   440

Vanquished Creatures
  2 slaves (D:4)
  A centaur skeleton (D:3)
  Robin (D:3)
  7 gnolls
  5 adders
  An ooze (D:1)
  2 adder skeletons
  3 worms
  4 dart slugs
  2 leopard geckos
  2 orcs
  A bat skeleton (D:2)
  3 giant cockroaches
  14 goblins
  6 hobgoblins
  16 jackals
  2 quokkas (D:3)
  5 ball pythons
  A ball python zombie (D:2)
  4 bats
  3 frilled lizards
  10 kobolds
  A leopard gecko zombie (D:2)
  5 rats
  4 plants (Sewer)
105 creatures vanquished.

Vanquished Creatures (others)
  A goblin (D:3)
  A plant (Sewer)
2 creatures vanquished.

Grand Total: 107 creatures vanquished
